 Dungeon Crawl Stone Soup version 0.21-a0-210-gbfa5647 (webtiles) character file.

203 wolfsongas the Poker (level 5, -2/38 HPs)
             Began as a Demonspawn Gladiator on Aug 21, 2017.
             Slain by an orc wizard
             ... wielding a +0 dagger
              (3 damage)
             ... on level 3 of the Dungeon.
             The game lasted 00:03:46 (2133 turns).

wolfsongas the Poker (Demonspawn Gladiator)         Turns: 2133, Time: 00:03:47

Health: -2/38      AC:  4    Str: 16    XL:     5   Next: 51%
Magic:  0/5        EV: 12    Int:  9    God:
Gold:   169        SH:  5    Dex: 14    Spells: 4/4 levels left

rFire    . . .     SeeInvis .   a - +0 trident
rCold    + . .     Gourm    .   s - +2 buckler
rNeg     . . .     Faith    .   b - +0 leather armour
rPois    .         Spirit   +   n - +0 helmet
rElec    .         Reflect  .   (no cloak)
rCorr    .         Harm     .   (no gloves)
MR       .....                  (no boots)
Stlth    +.........             e - amulet of guardian spirit
HPRegen  0.12/turn              (no ring)
MPRegen  0.09/turn              (no ring)

@: no status effects
A: cold resistance 1, magic shield
a: no special abilities


You were on level 3 of the Dungeon.
You were not hungry.

You visited 1 branch of the dungeon, and saw 3 of its levels.

You collected 169 gold pieces.

Inventory:

Hand Weapons
 a - a +0 trident (weapon)
Missiles
 d - 3 throwing nets (quivered)
Armour
 b - a +0 leather armour (worn)
 n - a +0 helmet (worn)
 s - a +2 buckler (worn)
Jewellery
 e - an amulet of guardian spirit (around neck)
Scrolls
 c - 3 scrolls of remove curse
 q - a scroll of fog
 r - a scroll of teleportation
Potions
 i - 2 potions of cancellation
 j - 2 potions of heal wounds
 k - 2 potions of brilliance
 l - a potion of invisibility {unknown}
 m - 2 potions of haste {unknown}
 p - a potion of mutation {unknown}
Comestibles
 f - 3 bread rations
 h - 2 meat rations


   Skills:
 - Level 2.0 Fighting
 * Level 5.7 Polearms
 - Level 1.7 Throwing
 - Level 2.6 Dodging


You had 4 spell levels left.
You didn't know any spells.

Dungeon Overview and Level Annotations

Branches:
Dungeon (3/15)

Altars:
Elyvilon


Innate Abilities, Weirdness & Mutations

Your flesh is cold resistant. (rC+)
When hurt, damage is shared between your health and your magic reserves.


Message History

A magic dart appears from out of thin air!
The magic dart hits you!
You hear some strange, mumbled words.
A puff of frost appears from out of thin air!
The puff of frost hits you! You resist.
* * * LOW HITPOINT WARNING * * *
You miss something. You hit something but do no damage.
Something hits you but does no damage. x2
You miss something. Something hits you.
* * * LOW HITPOINT WARNING * * *
You puncture something! You block something's attack.
Something hits you but does no damage.
You closely miss something. Something hits you.
You miss something.
You hear some strange, mumbled words.
A magic dart appears from out of thin air!
The magic dart hits you!
* * * LOW HITPOINT WARNING * * *
Something hits you.
You die...

#.** #....##. #.#
#....##. #.# #....##.
#.# #....##. #.#
#....### #?# #..[....
###.#########...(###
#.).............##
*****#+#@#############
*.!....{).$...#
*.......#####.#
*.......* *,*
*.......* *,*
*.......* *,*
*.......*****,**
*.?.....+,,,,,,*
*,,,,,,,********


There were no monsters in sight!

Vanquished Creatures
  Natasha (thrice) (D:2)
  5 adders (D:2)
  A dart slug (D:1)
  3 leopard geckos
  4 orcs (D:3)
  5 giant cockroaches
  7 goblins
  5 hobgoblins
  13 jackals
  8 kobolds
  7 bats
  6 frilled lizards
  9 rats
76 creatures vanquished.

Notes
Turn   | Place    | Note
-------+----------+-------------------------------------------
     0 | D:1      | wolfsongas the Demonspawn Gladiator began the quest for the Orb.
     0 | D:1      | Reached XP level 1. HP: 16/16 MP: 1/1
   108 | D:1      | Reached skill level 3 in Polearms
   191 | D:1      | Gained mutation: Your flesh is cold resistant. (rC+) [demonic ancestry]
   191 | D:1      | Reached XP level 2. HP: 20/22 MP: 2/2
   724 | D:2      | Gained mutation: When hurt, damage is shared between your health and your magic reserves. [demonic ancestry]
   724 | D:2      | Reached XP level 3. HP: 18/27 MP: 3/3
   845 | D:2      | Reached skill level 4 in Polearms
  1012 | D:2      | Found a white marble altar of Elyvilon.
  1040 | D:2      | Noticed Natasha
  1047 | D:2      | Killed Natasha
  1047 | D:2      | Reached XP level 4. HP: 23/33 MP: 2/4
  1247 | D:2      | Reached skill level 5 in Polearms
  1347 | D:2      | Noticed Natasha
  1361 | D:2      | Killed Natasha
  1361 | D:2      | Reached XP level 5. HP: 28/38 MP: 5/5
  1812 | D:2      | Noticed Natasha
  1821 | D:2      | Killed Natasha
  2133 | D:3      | HP: 1/38 [something/magic dart (3)]
  2133 | D:3      | Slain by an orc wizard

Vault maps used:
D:1:      tarquinn_simple_flora_water_f
D:2:      elyvilon_altar_3, uniq_natasha
D:3:      tgw_xom

Skill      XL: |  1  2  3  4 |
---------------+-------------+-----
Polearms       | 3 4 5 |  5.7
Fighting       | |  2.0
Throwing       | |  1.7
Dodging        | |  2.6

Action                   |  1- 3 |  4- 6 || total
-------------------------+-------+-------++-------
Melee: Trident           |   149 |   129 ||   278
  Use: Scroll            |     5 |     3 ||     8
       Potion            |     1 |     1 ||     2
 Stab: Sleeping          |     2 |       ||     2
  Eat: Chunk             |     1 |     3 ||     4
Armor: Leather armour    |    55 |    23 ||    78
Dodge: Dodged            |   104 |    48 ||   152
Block: Buckler           |       |     2 ||     2

Table legend:
 A = Spawn XP
 B = Non-spawn XP
 C = Spawn XP percentage of total XP
 D = Spawn monster count
 E = Non-spawn monster count
 F = Spawn count percentage of total count
 G = Total turns spent on level
                    A         B        C        D         E        F      G
               +---------+---------+-------+---------+---------+-------+---------
         Total |       8 |     282 |   2.8 |       5 |      71 |   6.6 |  2133
               +---------+---------+-------+---------+---------+-------+---------
           D:1 |       6 |      29 |  17.1 |       4 |      20 |  16.7 |   703
           D:2 |       2 |     223 |   0.9 |       1 |      37 |   2.6 |  1130
           D:3 |       0 |      30 |   0.0 |       0 |      14 |   0.0 |   300
               +---------+---------+-------+---------+---------+-------+---------
